NCAA
OREGON STATE BEAVERS @ OKLAHOMA SOONERS
05/02/2023
 
TOP OF THE 1ST
Oregon State Beavers batting - Pitching for Oklahoma Sooners : RHP Bill Sampson
Pitching: RHP Bill Sampson
Batting: RHB Elvis Hendrix 0-0: Foul Ball, location: 2F
0-1: Swinging Strike
0-2: Ball
1-2: Strikes out swinging
Batting: LHB Horace Hess 0-0: Swinging Strike
0-1: Ball
1-1: Ball
2-1: Called Strike
2-2: Strikes out looking
Batting: RHB Marty Hendrickson 0-0: Ball
1-0: Ground out U3 (Groundball, 3S)
Top of the 1st over - 0 run(s), 0 hit(s), 0 error(s), 0 left on base; Oregon State 0 - Oklahoma 0
BOTTOM OF THE 1ST
Oklahoma Sooners batting - Pitching for Oregon State Beavers : RHP Jon Sexton
Pitching: RHP Jon Sexton
Batting: RHB Ralph Hayes 0-0: Bunted foul
0-1: Swinging Strike
0-2: Ball
1-2: Foul Ball, location: 2F
1-2: Strikes out swinging
Batting: RHB Dan Mitchell 0-0: Foul Ball, location: 2F
0-1: Ball
1-1: Ground out 5-3 (Groundball, 5S)
Batting: RHB Dan Johnson 0-0: Called Strike
0-1: Fly out, F7 (Flyball, 78M)
Bottom of the 1st over - 0 run(s), 0 hit(s), 0 error(s), 0 left on base; Oregon State 0 - Oklahoma 0
TOP OF THE 2ND
Oregon State Beavers batting - Pitching for Oklahoma Sooners : RHP Bill Sampson
Batting: LHB Charlie Dennis 0-0: Called Strike
0-1: Ground out 1-3 (Groundball, 13S)
Batting: RHB Tom Hughes 0-0: Ball
1-0: Swinging Strike
1-1: Foul Ball, location: 2F
1-2: Foul Ball, location: 2F
1-2: Foul Ball, location: 2F
1-2: Strikes out swinging
Batting: RHB Abraham Hardy 0-0: Called Strike
0-1: Called Strike
0-2: Ball
1-2: Strikes out swinging
Top of the 2nd over - 0 run(s), 0 hit(s), 0 error(s), 0 left on base; Oregon State 0 - Oklahoma 0
BOTTOM OF THE 2ND
Oklahoma Sooners batting - Pitching for Oregon State Beavers : RHP Jon Sexton
Batting: RHB Ben Fisher 0-0: Called Strike
0-1: SINGLE (Flyball, 8LS)
Batting: RHB José Fuentes 0-0: Called Strike
0-1: Ball
1-1: Ball
2-1: Foul Ball, location: 2F
2-2: Ball
3-2: DOUBLE (Line Drive, 7LM)
Ben Fisher to third
Batting: SHB César Álvarez 0-0: Ball
1-0: Ball
2-0: Foul Ball, location: 2F
2-1: Ground out 6-3 (Groundball, 6M)
Ben Fisher scores
José Fuentes to third
Batting: RHB Don Anthony 0-0: DOUBLE (Line Drive, 9LM)
José Fuentes scores
Batting: SHB Walt Rodgers 0-0: Ground out 5-3 (Groundball, 56)
Batting: RHB Kurt Elkins 0-0: Called Strike
0-1: Ground out 6-3 (Groundball, 6)
Bottom of the 2nd over - 2 run(s), 3 hit(s), 0 error(s), 1 left on base; Oregon State 0 - Oklahoma 2
TOP OF THE 3RD
Oregon State Beavers batting - Pitching for Oklahoma Sooners : RHP Bill Sampson
Batting: RHB Ron Murphy 0-0: Called Strike
0-1: Foul Ball, location: 2F
0-2: Ball
1-2: Strikes out swinging
Batting: RHB Ben Barker 0-0: Ball
1-0: Foul Ball, location: 2F
1-1: Called Strike
1-2: Fly out, F8 (Line Drive, 8LM)
Batting: SHB Gerald Young 0-0: Ball
1-0: Ground out 1-3 (Groundball, 13S)
Top of the 3rd over - 0 run(s), 0 hit(s), 0 error(s), 0 left on base; Oregon State 0 - Oklahoma 2
BOTTOM OF THE 3RD
Oklahoma Sooners batting - Pitching for Oregon State Beavers : RHP Jon Sexton
Batting: RHB Ralph Hayes 0-0: Foul Ball, location: 2F
0-1: Ball
1-1: Ball
2-1: Foul Ball, location: 2F
2-2: Ball
3-2: Base on Balls
Batting: RHB Dan Mitchell 0-0: Called Strike
0-1: Ball
1-1: Ball
2-1: Foul Ball, location: 2F
2-2: Strikes out swinging
Batting: RHB Dan Johnson 0-0: Ball
Ralph Hayes steals 2nd base
1-0: Ball
2-0: Ball
3-0: Called Strike
3-1: Foul Ball, location: 2F
3-2: Strikes out looking
Batting: RHB Ben Fisher 0-0: Ball
1-0: Ground out 1-3 (Groundball, 23)
Bottom of the 3rd over - 0 run(s), 0 hit(s), 0 error(s), 1 left on base; Oregon State 0 - Oklahoma 2
TOP OF THE 4TH
Oregon State Beavers batting - Pitching for Oklahoma Sooners : RHP Bill Sampson
Batting: RHB Elvis Hendrix 0-0: Ball
1-0: Ball
2-0: Swinging Strike
2-1: Ball
3-1: Base on Balls
Batting: LHB Horace Hess 0-0: Called Strike
Elvis Hendrix steals 2nd base
0-1: Foul Ball, location: 2F
0-2: Ball
1-2: Ball
2-2: SINGLE (Groundball, 34D)
Elvis Hendrix to third
Runner from 3rd tries for Home, throw and OUT!
Batting: RHB Marty Hendrickson 0-0: Ball
1-0: Foul Ball, location: 2F
1-1: Ball
2-1: Swinging Strike
2-2: Ground out 5-3 (Groundball, 15S)
Horace Hess to second
Batting: LHB Charlie Dennis 0-0: Ground out 1-3 (Groundball, 15S)
Top of the 4th over - 0 run(s), 1 hit(s), 0 error(s), 1 left on base; Oregon State 0 - Oklahoma 2
BOTTOM OF THE 4TH
Oklahoma Sooners batting - Pitching for Oregon State Beavers : RHP Jon Sexton
Batting: RHB José Fuentes 0-0: Called Strike
0-1: Ball
1-1: Ground out U3 (Groundball, 3)
Batting: SHB César Álvarez 0-0: Ball
1-0: Ball
2-0: Ground out 2-3 (Groundball, 25)
Batting: RHB Don Anthony 0-0: Fly out, F8 (Flyball, 89M)
Bottom of the 4th over - 0 run(s), 0 hit(s), 0 error(s), 0 left on base; Oregon State 0 - Oklahoma 2
TOP OF THE 5TH
Oregon State Beavers batting - Pitching for Oklahoma Sooners : RHP Bill Sampson
Batting: RHB Tom Hughes 0-0: Called Strike
0-1: DOUBLE (Line Drive, 5D)
Batting: RHB Abraham Hardy 0-0: Ball
1-0: Hit by Pitch
Batting: RHB Ron Murphy 0-0: Ball
1-0: Fly out, F4 (Line Drive, 4)
Batting: RHB Ben Barker 0-0: Fly out, F7 (Flyball, 7LM)
Batting: SHB Gerald Young 0-0: Called Strike
0-1: Ball
1-1: Swinging Strike
1-2: Ball
2-2: Ground out 4-3 (Groundball, 4)
Top of the 5th over - 0 run(s), 1 hit(s), 0 error(s), 2 left on base; Oregon State 0 - Oklahoma 2
BOTTOM OF THE 5TH
Oklahoma Sooners batting - Pitching for Oregon State Beavers : RHP Jon Sexton
Batting: SHB Walt Rodgers 0-0: Ball
1-0: Ball
2-0: Ball
3-0: Called Strike
3-1: DOUBLE (Line Drive, 9LS)
Batting: RHB Kurt Elkins 0-0: SINGLE (Line Drive, 8LS)
Walt Rodgers to third
Runner from 3rd tries for Home, SAFE, no throw or cutoff
Batting: RHB Ralph Hayes Pickoff Throw to First - Error! E1
Kurt Elkins to second
0-0: SINGLE (Groundball, 3D) (infield hit)
Kurt Elkins to third
Batting: RHB Dan Mitchell 0-0: Ball
1-0: Fly out, F8 (Flyball, 8LM)
Runner from 3rd tags up, SCORES, no throw
Batting: RHB Dan Johnson 0-0: Foul Ball, location: 2F
0-1: Foul Ball, location: 2F
0-2: Foul Ball, location: 2F
0-2: Strikes out swinging
Batting: RHB Ben Fisher 0-0: Ball
1-0: Called Strike
1-1: Ball
2-1: Foul Ball, location: 2F
2-2: Ball
3-2: Fly out, F8 (Flyball, 8RM)
Bottom of the 5th over - 2 run(s), 3 hit(s), 1 error(s), 1 left on base; Oregon State 0 - Oklahoma 4
TOP OF THE 6TH
Oregon State Beavers batting - Pitching for Oklahoma Sooners : RHP Bill Sampson
Batting: RHB Elvis Hendrix 0-0: Foul Ball, location: 2F
0-1: Ball
1-1: Foul Ball, location: 2F
1-2: Ball
2-2: Foul Ball, location: 2F
2-2: Ball
3-2: SINGLE (Groundball, 4M)
Batting: LHB Horace Hess 0-0: Ground out 4-3 (Groundball, 4M)
Elvis Hendrix to second
Batting: RHB Marty Hendrickson 0-0: Foul Ball, location: 2F
0-1: Ball
1-1: Swinging Strike
1-2: Ball
2-2: Ball
3-2: Strikes out swinging
Batting: LHB Charlie Dennis 0-0: Ball
1-0: Foul Ball, location: 2F
1-1: Foul Ball, location: 2F
1-2: Ball
2-2: Strikes out swinging
Top of the 6th over - 0 run(s), 1 hit(s), 0 error(s), 1 left on base; Oregon State 0 - Oklahoma 4
BOTTOM OF THE 6TH
Oklahoma Sooners batting - Pitching for Oregon State Beavers : RHP Jon Sexton
Batting: RHB José Fuentes 0-0: Ground out 6-3 (Groundball, 6S)
Batting: SHB César Álvarez 0-0: Called Strike
0-1: Ball
1-1: Called Strike
1-2: Foul Ball, location: 2F
1-2: Foul Ball, location: 2F
1-2: Foul Ball, location: 2F
1-2: Ball
2-2: Strikes out swinging
Batting: RHB Don Anthony 0-0: Ball
1-0: Foul Ball, location: 2F
1-1: Ball
2-1: Swinging Strike
2-2: Foul Ball, location: 2F
2-2: Ball
3-2: Ground out 5-3 (Groundball, 5)
Bottom of the 6th over - 0 run(s), 0 hit(s), 0 error(s), 0 left on base; Oregon State 0 - Oklahoma 4
TOP OF THE 7TH
Oregon State Beavers batting - Pitching for Oklahoma Sooners : RHP Bill Sampson
Pitching: LHP Greg Mueller
Batting: RHB Tom Hughes 0-0: Ball
1-0: Ball
2-0: Ball
3-0: Called Strike
3-1: Base on Balls
Batting: RHB Abraham Hardy 0-0: Ball
1-0: Fly out, F7 (Flyball, 7M)
Batting: RHB Ron Murphy 0-0: Ball
1-0: Ground out 4-3 (Groundball, 4M)
Tom Hughes to second
Batting: RHB Ben Barker 0-0: Ball
1-0: Called Strike
1-1: Ball
2-1: Ball
3-1: Foul Ball, location: 2F
3-2: Foul Ball, location: 2F
3-2: Foul Ball, location: 2F
3-2: Ground out 6-3 (Groundball, 6M)
Top of the 7th over - 0 run(s), 0 hit(s), 0 error(s), 1 left on base; Oregon State 0 - Oklahoma 4
BOTTOM OF THE 7TH
Oklahoma Sooners batting - Pitching for Oregon State Beavers : RHP Jon Sexton
Pitching: RHP Manuel Reynoso
Batting: SHB Walt Rodgers 0-0: Ball
1-0: SINGLE (Groundball, 6M)
Batting: RHB Kurt Elkins 0-0: Ball
1-0: Sac Bunt - play at first, batter OUT! 1-4
Walt Rodgers to second
Batting: RHB Ralph Hayes 0-0: Ball
1-0: Ball
2-0: Swinging Strike
2-1: Swinging Strike
2-2: Foul Ball, location: 2F
2-2: Ball
3-2: Foul Ball, location: 2F
3-2: Base on Balls
Batting: RHB Dan Mitchell 0-0: Ball
1-0: SINGLE (Flyball, 89S)
Walt Rodgers to third
Ralph Hayes to second
Batting: RHB Dan Johnson 0-0: Swinging Strike
0-1: Ball
1-1: Ball
2-1: Called Strike
2-2: Strikes out looking
Batting: RHB Ben Fisher 0-0: Ball
1-0: Ball
2-0: Ball
3-0: Base on Balls
Walt Rodgers scores
Ralph Hayes to third
Dan Mitchell to second
Batting: RHB José Fuentes 0-0: Ball
1-0: Fly out, F8 (Flyball, 8RM)
Bottom of the 7th over - 1 run(s), 2 hit(s), 0 error(s), 3 left on base; Oregon State 0 - Oklahoma 5
TOP OF THE 8TH
Oregon State Beavers batting - Pitching for Oklahoma Sooners : LHP Greg Mueller
Batting: SHB Gerald Young 0-0: Called Strike
0-1: SINGLE (Groundball, 25) (infield hit)
Batting: RHB Elvis Hendrix 0-0: Ball
1-0: Foul Ball, location: 2F
1-1: Foul Ball, location: 2F
1-2: Fly out, F7 (Flyball, 78M)
Batting: LHB Horace Hess 0-0: Grounds into double play, 4-6-3 (Groundball, 4)
Top of the 8th over - 0 run(s), 1 hit(s), 0 error(s), 0 left on base; Oregon State 0 - Oklahoma 5
BOTTOM OF THE 8TH
Oklahoma Sooners batting - Pitching for Oregon State Beavers : RHP Manuel Reynoso
Batting: SHB César Álvarez 0-0: DOUBLE (Line Drive, 78M)
Batting: RHB Don Anthony 0-0: Called Strike
0-1: Ball
1-1: Swinging Strike
1-2: Foul Ball, location: 2F
1-2: Strikes out swinging
Batting: SHB Walt Rodgers 0-0: Ball
1-0: Called Strike
1-1: Foul Ball, location: 2F
1-2: Ball
2-2: Foul Ball, location: 2F
2-2: Strikes out swinging
Pitching: RHP Sylvester Winters
Batting: RHB Kurt Elkins 0-0: Called Strike
0-1: Hit by Pitch
Batting: RHB Ralph Hayes 0-0: Fly out, F8 (Flyball, 8RM)
Bottom of the 8th over - 0 run(s), 1 hit(s), 0 error(s), 2 left on base; Oregon State 0 - Oklahoma 5
TOP OF THE 9TH
Oregon State Beavers batting - Pitching for Oklahoma Sooners : LHP Greg Mueller
Batting: RHB Marty Hendrickson 0-0: Foul Ball, location: 2F
0-1: Ball
1-1: Ball
2-1: DOUBLE (Line Drive, 89S)
Batting: LHB Charlie Dennis 0-0: Ball
1-0: Foul Ball, location: 2F
1-1: Ball
2-1: Ball
3-1: Called Strike
3-2: Strikes out swinging
Batting: RHB Tom Hughes 0-0: Called Strike
0-1: Fly out, F7 (Flyball, 78M)
Batting: RHB Abraham Hardy 0-0: DOUBLE (Groundball, 5L)
Marty Hendrickson scores
Batting: RHB Ron Murphy 0-0: Called Strike
0-1: Swinging Strike
0-2: Strikes out swinging
Top of the 9th over - 1 run(s), 2 hit(s), 0 error(s), 1 left on base; Oregon State 1 - Oklahoma 5
This league is powered by Out of the Park Baseball, the baseball management simulation game for PC, Mac and Linux
Wednesday, December 2nd, 2015 - OOTP Baseball 16.8 Build 38